 Dungeon Crawl Stone Soup version 0.18.1-8-gdd0e5ea (webtiles) character file.

33 sugabear the Cudgeler (level 3, 0/18 HPs)
             Began as a Vine Stalker Gladiator on June 3, 2016.
             Killed from afar by Terence (5 damage)
             ... with a wand of flame
             ... on level 2 of the Dungeon.
             The game lasted 00:01:14 (742 turns).

sugabear the Cudgeler (Vine Stalker Gladiator)       Turns: 742, Time: 00:01:16

Health: 0/18       AC:  9    Str: 18    XL:     3   Next: 29%
Magic:  0/4        EV:  8    Int:  8    God:
Gold:   71         SH:  0    Dex: 14    Spells: 0 memorised, 2 levels left

rFire  . . .     SeeInvis .     a - +0 flail
rCold  . . .     Gourm    .     e - +0 chain mail (curse)
rNeg   . . .     Faith    .     (no shield)
rPois  .         Spirit   +     c - +0 helmet
rElec  .         Dismiss  .     (no cloak)
rCorr  .         Reflect  .     (no gloves)
SustAt .         Harm     .     (no boots)
MR     .....                    (no amulet)
Stlth  ..........               (no ring)
                                (no ring)

@: not resistant to hostile enchantments, extremely unstealthy
A: fangs 2, regeneration 1, magic shield, antimagic bite, no device heal 3, rot
immunity
a: no special abilities


You were on level 2 of the Dungeon.
You were not hungry.

You visited 1 branch of the dungeon, and saw 2 of its levels.

You collected 71 gold pieces.

Inventory:

Hand Weapons
 a - a +0 flail (weapon)
 p - a +0 dagger of venom
Missiles
 d - 3 throwing nets (quivered)
Armour
 b - a +0 leather armour
 c - a +0 helmet (worn)
 e - a cursed +0 chain mail (worn)
 q - a +0 ring mail
Scrolls
 h - a scroll of amnesia {unknown}
 i - 4 scrolls of identify {unknown}
 l - a scroll of blinking {unknown}
 m - a scroll of immolation {unknown}
 n - a scroll of fear {unknown}
 o - 3 scrolls of remove curse {unknown}
Potions
 j - a potion of curing {unknown}
Comestibles
 f - 2 bread rations
 g - 2 meat rations
 k - 5 fruits


   Skills:
 + Level 1.9 Fighting
 + Level 3.2 Maces & Flails
 + Level 1.9 Throwing
 + Level 0.4 Armour
 + Level 2.8 Dodging


You had 2 spell levels left.
You didn't know any spells.

Dungeon Overview and Level Annotations

Branches:
Dungeon (2/15)

Altars:

Annotations:
D:2 Terence


Innate Abilities, Weirdness & Mutations

You have extremely sharp teeth.
Your natural rate of healing is unusually fast.
When hurt, damage is shared between your health and your magic reserves.
Your bite disrupts and absorbs the magic of your enemies.
Potions and wands cannot restore your health.
You are immune to rotting.


Message History

HP restored.
There is an open door here.
There is a stone staircase leading down here.
You climb downwards.
There is a stone staircase leading up here.
Terence the Incautious comes into view.
He is wielding a flail.
Terence is nearby!
Found a trident.
Terence hits you with a flail.
You hit Terence but do no damage. You bite Terence, but do no damage.
Terence barely misses you.
You closely miss Terence.
Terence zaps a wand.
The puff of flame hits you!
It is a wand of flame.
You hit Terence.
Terence is moderately wounded.
Terence zaps a wand.
The puff of flame hits you!
Ouch! That really hurt!
* * * LOW HITPOINT WARNING * * *
Terence zaps a wand.
The puff of flame hits you!
You die...

..... .... #..#
#..# #..# #.<#
####### #..#######.
.).....##..........
#@@..#########
######


You could see Terence.

Vanquished Creatures
  An ooze (D:1)
  A dart slug (D:1)
  A giant gecko (D:1)
  5 bats (D:1)
  A giant cockroach (D:1)
  4 goblins (D:1)
  2 hobgoblins (D:1)
  3 kobolds (D:1)
  2 giant newts (D:1)
  4 rats (D:1)
24 creatures vanquished.

Notes
Turn   | Place    | Note
--------------------------------------------------------------
     0 | D:1      | sugabear the Vine Stalker Gladiator began the quest for the Orb.
     0 | D:1      | Reached XP level 1. HP: 11/11 MP: 2/2
   146 | D:1      | Reached XP level 2. HP: 15/15 MP: 3/3
   215 | D:1      | Reached skill level 3 in Maces & Flails
   377 | D:1      | Reached XP level 3. HP: 14/18 MP: 4/4
   737 | D:2      | Noticed Terence
   742 | D:2      | Killed from afar by Terence

Skill      XL: |  1  2 |
---------------+-------+-----
Maces & Flails | 3 |  3.2
Fighting       | |  1.9
Throwing       | |  1.9
Armour         | |  0.4
Dodging        | |  2.8

Action                   || total
-------------------------++-------
Melee: Flail             ||    68
       Bite              ||    13
Armor: Chain mail        ||    59
Dodge: Dodged            ||    23
